 Dungeon Crawl Stone Soup version 0.25-a0-886-gd7461d2276 (webtiles) character file.

Game seed: 8115118996381416515, levelgen mode: deterministic

36869 Nixze the Bludgeoner (level 13, -2/127 HPs)
             Began as a Minotaur Berserker on May 2, 2020.
             Was a High Priest of Trog.
             Succumbed to an orc warlord's poison
             ... on level 1 of the Orcish Mines.
             The game lasted 00:34:05 (22884 turns).

Nixze the Bludgeoner (Minotaur Berserker)          Turns: 22884, Time: 00:34:05

Health: -2/127     AC: 20    Str: 26    XL:     13   Next: 55%
Magic:  12/12      EV:  9    Int:  4    God:    Trog [*****.]
Gold:   1789       SH:  0    Dex: 11    Spells: 12/12 levels left

rFire    + . .     SeeInvis .   O - +0 great mace
rCold    . . .     Gourm    .   (shield currently unavailable)
rNeg     . . .     Faith    .   N - +3 plate armour
rPois    .         Spirit   .   a - +1 hat
rElec    .         Reflect  .   (no cloak)
rCorr    .         Harm     .   (no gloves)
MR       +....                  (no boots)
Stlth    ..........             (no amulet)
HPRegen  0.31/turn              I - ring of protection from fire
MPRegen  0.13/turn              C - ring of protection from magic (curse)

@: lethally poisoned (-2 -> -60), berserk cooldown, slowed, lightly drained,
very slow
A: retaliatory headbutt, horns 2
a: Berserk, Trog's Hand, Brothers in Arms, Renounce Religion


You were on level 1 of the Orcish Mines.
You worshipped Trog.
Trog was extremely pleased with you.
You were very hungry.

You visited 3 branches of the dungeon, and saw 19 of its levels.

You collected 1789 gold pieces.

Inventory:

Hand Weapons
 l - a +1 morningstar
 u - the +1 whip of the Kidney {elec, Dex+4}
   (You found it on level 8 of the Dungeon)

   Occasionally, upon striking a foe, it will discharge some electrical energy
   and cause terrible harm.
   It affects your dexterity (+4).
 A - a +0 lajatang
 G - the +7 broad axe of Kaelerud {vorpal, rC+ rN+}
   (Trog gifted it to you on level 2 of the Orcish Mines)

   It inflicts extra damage upon your enemies.
   It protects you from cold.
   It protects you from negative energy.
 M - a +2 vorpal dire flail
 O - a +0 great mace (weapon)
 R - a +1 flail of holy wrath
Missiles
 h - 23 poisoned darts (quivered)
 v - 8 javelins
Armour
 a - a +1 hat (worn)
 y - the +0 robe of Yredelemnul's Approval {+Fly rElec rF- Regen+}
   (You found it on level 8 of the Dungeon)

   It makes you vulnerable to fire.
   It insulates you from electricity.
   It lets you fly.
   It increases your rate of regeneration.
 K - a +0 buckler
 N - a +3 plate armour (worn)
Jewellery
 t - an uncursed ring of protection from cold
 C - a cursed ring of protection from magic (right hand)
 H - an uncursed ring of ice
 I - a ring of protection from fire (left hand)
 L - an uncursed ring of protection from magic
Wands
 b - a wand of flame (98)
 o - a wand of paralysis (15)
 p - a wand of acid (17)
 q - a wand of random effects (18)
 w - a wand of iceblast (9)
 J - a wand of polymorph (13)
Scrolls
 e - 2 scrolls of enchant weapon
 f - 6 scrolls of remove curse
 g - 6 scrolls of teleportation
 k - 13 scrolls of identify
 m - 2 scrolls of magic mapping
 F - 2 scrolls of blinking
Potions
 d - 3 potions of brilliance {unknown}
 i - 8 potions of curing
 j - 2 potions of berserk rage
 n - a potion of might {unknown}
 r - 2 potions of lignification {unknown}
 s - 3 potions of degeneration {unknown}
 x - 2 potions of ambrosia {unknown}
 z - 3 potions of heal wounds {unknown}
 B - 2 potions of stabbing {unknown}
 D - a potion of mutation {unknown}
 E - a potion of cancellation {unknown}
Comestibles
 c - 23 rations


   Skills:
 + Level 15.5(15.2) Fighting
 * Level 16.0(15.7) Maces & Flails
 + Level 15.3(15.0) Armour
 - Level 2.1(2.0) Dodging
 - Level 4.0(3.8) Shields


You had 12 spell levels left.
You didn't know any spells.
Your spell library was empty.

Dungeon Overview and Level Annotations

Branches:
Dungeon (12/15)            Temple (0/1) D:5            Lair (5/6) D:11
  Swamp (0/4) Lair:4        Snake (0/4) Lair:3        Slime (0/5) Lair:5
    Orc (2/2) D:11
    Elf: Orc:2

Altars:
Ashenzari
Cheibriados
Dithmenos
Elyvilon
Fedhas
Gozag
Hepliaklqana
Makhleb
Ru
Sif Muna
Trog
Wu Jian
Xom
Yredelemnul
The Shining One
Beogh
Jiyva

Annotations:
Lair:3 exclusion: 2 oklob plants


Innate Abilities, Weirdness & Mutations

You reflexively headbutt those who attack you in melee.
You have a pair of horns on your head.


Message History

You feel sick. The orc warrior closely misses you.
The orc throws a boomerang.
The boomerang closely misses you.
The weapon returns to the orc!
Items here: ))) [[ a +0 chain mail; a +0 glaive; a +0 leather armour; a +0 club; a +0 short sword You feel your anger nearly subside.
You are no longer berserk.
You are exhausted.
You feel yourself slow down.
You feel sick.
The orc throws a boomerang.
The boomerang hits you but does no damage.
The weapon returns to the orc!
There is a stone staircase leading up, spattered with blood here.
You feel very sick.
The orc throws a boomerang.
The boomerang hits you but does no damage.
The weapon returns to the orc!
The orc warlord hits you from afar with a +1 glaive of venom!!
* * * LOW HITPOINT WARNING * * *
You are more poisoned.
The orc warrior barely misses you.
You climb upwards.
You die...

..## ...## ....#
### #...###.##
###..#...# ###
##.)..#.## ##.##
#.....### #...#
.....## ###$[#
...#.# ##.)@####
...### #.......##
.### ####..^....##
#.# #.....#.....##
###
###....#.......##
###
##.#...###.#.....#
##.##
#.......####....##
#...#
##.#.........#.##
...##
##..........###


There were no monsters in sight!

Vanquished Creatures
  Saint Roka (Orc:2)
  A two-headed ogre (D:10)
  Nergalle (Lair:2)
  An orc high priest (Orc:2)
  2 orc knights (Orc:1)
  2 orc sorcerers
  8 elephants
  4 black mambas
  9 spiny frogs
  3 rime drakes
  2 komodo dragons
  4 trolls
  A polar bear (Lair:4)
  A hornet (D:9)
  2 bog bodies
  14 blink frogs
  4 hippogriffs
  2 vampires (D:11)
  17 yaks
  A wraith (D:9)
  2 wyverns
  A hungry ghost (D:9)
  3 basilisks
  2 wargs
  2 nagas (Lair:3)
  2 water moccasins
  9 porcupines
  18 orc warriors
  2 black bears
  4 sky beasts
  An ice beast (D:7)
  3 phantoms
  13 ogres
  3 centaurs
  A necrophage (D:9)
  3 wolves (Lair:2)
  9 crocodiles
  An elf zombie (D:9)
  A big kobold (D:8)
  Blork the orc (Orc:2)
  17 bullfrogs
  A wyvern skeleton (D:11)
  7 scorpions
  2 howler monkeys (D:8)
  12 killer bees
  3 crimson imps
  5 human zombies (D:9)
  5 jellies
  14 orc priests
  3 hounds
  3 bullfrog skeletons
  4 centaur skeletons
  Natasha (twice) (D:3)
  11 orc wizards
  A human skeleton (D:9)
  7 worker ants
  A killer bee zombie (D:8)
  A hound skeleton (D:4)
  2 mummies (D:9)
  2 worker ant zombies
  7 adders
  2 shadow imps
  3 oozes
  An adder skeleton (D:9)
  3 dart slugs
  6 leopard geckos
  54 orcs
  4 giant cockroaches
  8 goblins
  5 hobgoblins
  8 jackals
  9 kobolds
  2 quokkas
  5 ball pythons
  9 bats
  4 frilled lizards
  An orc zombie (D:9)
  6 rats
  A fungus (D:11)
402 creatures vanquished.

Vanquished Creatures (collateral kills)
  6 death yaks (Lair:5)
  A black mamba (Lair:5)
  A spiny frog (Lair:5)
  An elephant (Lair:5)
  A water moccasin (Lair:5)
  A crocodile (Lair:5)
  A bullfrog (Lair:5)
12 creatures vanquished.

Vanquished Creatures (others)
  A quokka (D:10)
  A fire vortex (Lair:4)
  4 fungi (D:11)
  7 plants
13 creatures vanquished.

Grand Total: 427 creatures vanquished

Notes
Turn   | Place    | Note
-------+----------+-------------------------------------------
     0 | D:1      | Nixze the Minotaur Berserker began the quest for the Orb.
     0 | D:1      | Reached XP level 1. HP: 19/19 MP: 0/0
    99 | D:1      | Found a shattered altar of Ashenzari.
   170 | D:1      | Reached skill level 4 in Maces & Flails
   239 | D:1      | Reached XP level 2. HP: 27/27 MP: 1/1
   719 | D:1      | Reached ** piety under Trog
  1001 | D:2      | Reached XP level 3. HP: 30/33 MP: 2/2
  1318 | D:2      | Found a snail-covered altar of Cheibriados.
  1356 | D:2      | Reached skill level 5 in Maces & Flails
  1356 | D:2      | Reached XP level 4. HP: 39/40 MP: 3/3
  1554 | D:3      | Reached XP level 5. HP: 34/47 MP: 4/4
  1780 | D:3      | Noticed Natasha
  1794 | D:3      | Killed Natasha
  1794 | D:3      | Noticed Natasha
  1801 | D:3      | Killed Natasha
  1917 | D:3      | Reached skill level 6 in Maces & Flails
  2197 | D:3      | Reached *** piety under Trog
  2299 | D:4      | Reached skill level 5 in Fighting
  2445 | D:4      | Noticed an ogre
  2452 | D:4      | Killed an ogre
  2452 | D:4      | Reached XP level 6. HP: 47/56 MP: 5/5
  2994 | D:4      | Reached skill level 7 in Maces & Flails
  3477 | D:5      | Entered Level 5 of the Dungeon
  3477 | D:5      | Noticed a sky beast
  3486 | D:4      | Killed a sky beast
  3486 | D:4      | Reached skill level 5 in Armour
  3486 | D:4      | Reached XP level 7. HP: 54/62 MP: 6/6
  3743 | D:5      | Found a staircase to the Ecumenical Temple.
  3775 | D:5      | Found a blossoming altar of Fedhas.
  3971 | D:5      | Reached skill level 8 in Maces & Flails
  4539 | D:6      | Found a white marble altar of Elyvilon.
  4581 | D:6      | Reached XP level 8. HP: 69/71 MP: 7/7
  4700 | D:6      | Reached skill level 9 in Maces & Flails
  5528 | D:7      | Found a bloodstained altar of Trog.
  5742 | D:7      | Found a burning altar of Makhleb.
  5937 | D:7      | Reached **** piety under Trog
  6307 | D:8      | Reached skill level 10 in Maces & Flails
  6447 | D:8      | Got a colourful robe
  6458 | D:8      | Identified the cursed +0 robe of Yredelemnul's Approval
                  | {+Fly rElec rF- Regen+} (You found it on level 8 of the
                  | Dungeon)
  6861 | D:8      | Reached XP level 9. HP: 79/81 MP: 8/8
  6903 | D:8      | Got an iridescent whip
  6904 | D:8      | Identified the +1 whip of the Kidney {elec, Dex+4} (You
                  | found it on level 8 of the Dungeon)
  7063 | D:8      | Reached skill level 11 in Maces & Flails
  7792 | D:9      | Found a basalt altar of Yredelemnul.
  7876 | D:9      | Reached skill level 12 in Maces & Flails
  8116 | D:9      | Reached ***** piety under Trog
  8127 | D:9      | Found a shadowy altar of Dithmenos.
  8129 | D:9      | Found an opulent altar of Gozag.
  8129 | D:9      | Found a hazy altar of Hepliaklqana.
  8129 | D:9      | Found a sacrificial altar of Ru.
  8131 | D:9      | Found an ornate altar of the Wu Jian Council.
  8131 | D:9      | Found a shimmering altar of Xom.
  8133 | D:9      | Found a shattered altar of Ashenzari.
  8157 | D:9      | Reached XP level 10. HP: 33/91 MP: 9/9
  8549 | D:9      | Found a glowing golden altar of the Shining One.
  8825 | D:10     | Entered Level 10 of the Dungeon
  9473 | D:10     | Reached skill level 13 in Maces & Flails
  9674 | D:10     | Reached skill level 10 in Fighting
  9725 | D:10     | Noticed a two-headed ogre
  9736 | D:10     | Killed a two-headed ogre
  9896 | D:10     | Found a white marble altar of Elyvilon.
 10105 | D:10     | Reached skill level 10 in Armour
 10387 | D:11     | Found a staircase to the Lair.
 10402 | D:11     | Reached skill level 14 in Maces & Flails
 10456 | D:10     | Reached XP level 11. HP: 36/101 MP: 10/10
 11728 | D:11     | Found a staircase to the Orcish Mines.
 11929 | Lair:1   | Entered Level 1 of the Lair of Beasts
 13110 | Lair:1   | Reached skill level 15 in Maces & Flails
 14538 | Lair:2   | Noticed Nergalle
 14558 | Lair:2   | Killed Nergalle
 15324 | Lair:2   | Found a shimmering blue altar of Sif Muna.
 16010 | Lair:3   | Noticed an oklob plant
 16010 | Lair:3   | Noticed an oklob plant
 16129 | Lair:3   | Reached skill level 16 in Maces & Flails
 16129 | Lair:3   | Reached XP level 12. HP: 95/112 MP: 11/11
 16471 | Lair:3   | Found a staircase to the Snake Pit.
 17534 | Lair:4   | Found a staircase to the Swamp.
 19391 | Lair:5   | Noticed a death yak
 19391 | Lair:5   | Noticed a death yak
 19391 | Lair:5   | Noticed a death yak
 19391 | Lair:5   | Noticed a death yak
 19435 | Lair:5   | Noticed a death yak
 19437 | Lair:5   | Noticed a death yak
 19439 | Lair:5   | Killed a death yak
 19439 | Lair:5   | Received a gift from Trog
 19441 | Lair:5   | Killed a death yak
 19447 | Lair:5   | Killed a death yak
 19450 | Lair:5   | Killed a death yak
 19450 | Lair:5   | Reached XP level 13. HP: 125/125 MP: 12/12
 19608 | Lair:5   | Found a runed translucent door.
 19609 | Lair:5   | Found a viscous altar of Jiyva.
 19609 | Lair:5   | Found a staircase to the Slime Pits.
 20267 | Orc:1    | Entered Level 1 of the Orcish Mines
 20352 | Orc:1    | Found a roughly hewn altar of Beogh.
 20376 | Orc:1    | Reached skill level 1 in Shields
 20973 | Orc:2    | Entered Level 2 of the Orcish Mines
 21382 | Orc:2    | Noticed Blork the orc
 21397 | Orc:2    | Killed Blork the orc
 21413 | Orc:2    | Noticed Saint Roka
 21867 | Orc:2    | Killed Saint Roka
 21867 | Orc:2    | Reached skill level 15 in Fighting
 21867 | Orc:2    | Reached skill level 15 in Armour
 22064 | Orc:2    | Received a gift from Trog
 22065 | Orc:2    | Got a pitted broad axe {god gift}
 22081 | Orc:2    | Noticed an orc warlord
 22430 | Orc:1    | Found a roughly hewn altar of Beogh.
 22518 | Orc:1    | Identified the +7 broad axe of Kaelerud {vorpal, rC+ rN+}
                  | (Trog gifted it to you on level 2 of the Orcish Mines)
 22884 | Orc:1    | Succumbed to an orc warlord's poison

Levels and vault maps discovered:
D:1:      dpeg_arrival_rooms_c, layout_basic, evilmike_ruin_ashenzari
D:2:      layout_rooms, kennysheep_slug_shrine
D:3:      layout_basic, first_ration, uniq_natasha
D:4:      layout_basic
D:5:      layout_cave_pools, fedhas_bush_and_centaur_altar,
          minmay_temple_entry_sparse_star
D:6:      layout_layer_cave, lemuel_crystal_altar
D:7:      layout_cave_pools, overflow_temple_1_default, lemuel_doored_altar
D:8:      layout_basic, grunt_pizzeria, chequers_serial_rivers_micro_e
D:9:      layout_loops_ring, tso_metal_star, grunt_temple_overflow_open,
          lemuel_mausoleum_altar_yredelemnul
D:10:     layout_cave_pools, elyvilon_altar_4
D:11:     layout_irregular_city, due_lair_maze_entry_diamond, orc_0_dummy
D:12:     layout_roguey, serial_shops, shop
Lair:1:   layout_layer_cave
Lair:2:   layout_cellular_growth, basic_altar, chequers_serial_rivers_micro_e,
          uniq_nergalle
Lair:3:   layout_regular_city, guppyfry_snake_entry_garden,
          serial_bayou_shore_b, minmay_lair_oklob_chamber
Lair:4:   layout_gridlike, skrybe_swamp_entry_bodies
Lair:5:   layout_regular_city, slime_altar_2
Orc:1:    layout_diamond_mine, basic_altar, mines2_david
Orc:2:    grunt_orc_cross, layout_caves

Skill      XL: |  1  2  3  4  5  6  7  8  9 10 11 12 13 |
---------------+----------------------------------------+-----
Maces & Flails | 4 5 6 7 8 10 12 14 16 | 16.0
Fighting       | 4 5 6 8 9 10 12 14 15 | 15.5
Armour         | 3 4 5 7 8 10 11 14 15 | 15.3
Shields        | 4 |  4.0
Dodging        | |  2.1

Action                   |  1- 3 |  4- 6 |  7- 9 | 10-12 | 13-15 || total
-------------------------+-------+-------+-------+-------+-------++-------
Melee: Mace              |    57 |       |       |       |       ||    57
       Headbutt          |     6 |    13 |    73 |   137 |    42 ||   271
       Morningstar       |    24 |    71 |   233 |   572 |    10 ||   910
       Whip              |       |       |    74 |       |       ||    74
       Dire flail        |       |       |       |       |   183 ||   183
       Great mace        |       |       |       |       |    23 ||    23
Invok: Berserk           |       |     1 |     2 |     9 |     2 ||    14
       Trog's Hand       |       |       |       |     2 |     2 ||     4
       Brothers in Arms  |       |       |       |     2 |       ||     2
  Use: Scroll            |       |     3 |     9 |     3 |       ||    15
  Eat: Chunk             |     1 |     5 |    15 |    31 |    14 ||    66
       Ration            |       |     1 |       |     4 |       ||     5
Armor: Ring mail         |    18 |       |       |       |       ||    18
       Chain mail        |     7 |    41 |   154 |   122 |       ||   324
       Plate armour      |       |       |       |   202 |    86 ||   288
Dodge: Dodged            |    60 |    29 |   142 |   231 |    79 ||   541

Table legend:
 A = Non-vault XP
 B = Vault XP
 C = Vault XP percentage of total XP
 D = Non-vault monster count
 E = Vault monster count
 F = Vault count percentage of total count
                 A         B        C        D         E       F
            +---------+---------+-------+---------+---------+-------
      Total |   40134 |   12536 |  23.8 |     343 |      70 |  16.9
            +---------+---------+-------+---------+---------+-------
        D:1 |      36 |       0 |   0.0 |      25 |       0 |   0.0
        D:2 |      65 |       4 |   5.8 |      16 |       1 |   5.9
        D:3 |     151 |      35 |  18.8 |      20 |       1 |   4.8
        D:4 |     481 |       0 |   0.0 |       8 |       0 |   0.0
        D:5 |     164 |     115 |  41.2 |       8 |       1 |  11.1
        D:6 |     537 |       0 |   0.0 |      17 |       0 |   0.0
        D:7 |     501 |       0 |   0.0 |      13 |       0 |   0.0
        D:8 |    1703 |     137 |   7.4 |      27 |       1 |   3.6
        D:9 |    2069 |     715 |  25.7 |      25 |      12 |  32.4
       D:10 |    3184 |      90 |   2.7 |      25 |       1 |   3.8
       D:11 |    2764 |     841 |  23.3 |      17 |       9 |  34.6
       D:12 |      39 |       0 |   0.0 |       1 |       0 |   0.0
     Lair:1 |    2001 |       0 |   0.0 |       7 |       0 |   0.0
     Lair:2 |    3381 |     831 |  19.7 |      18 |       1 |   5.3
     Lair:3 |    7087 |     591 |   7.7 |      26 |       3 |  10.3
     Lair:4 |    6272 |     257 |   3.9 |      23 |       1 |   4.2
     Lair:5 |    5988 |      97 |   1.6 |      17 |       4 |  19.0
      Orc:1 |    2170 |    1187 |  35.4 |      26 |      16 |  38.1
      Orc:2 |    1541 |    7636 |  83.2 |      24 |      19 |  44.2
            +---------+---------+-------+---------+---------+-------
